 Dungeon Crawl Stone Soup version 0.16-a0-4111-gf762223 (webtiles) character file.

140 dithyrambik the Magician (level 5, -6/28 HPs)
             Began as a Gargoyle Wizard on Feb 26, 2015.
             Was a Follower of Vehumet.
             Killed from afar by an orc wizard (8 damage)
             ... with a puff of flame
             ... on level 3 of the Dungeon.
             The game lasted 00:26:43 (4434 turns).

dithyrambik the Magician (Gargoyle Wizard)          Turns: 4434, Time: 00:26:44

Health: -6/28      AC:  6    Str: 10    XL:     5   Next: 23%
Magic:  1/11       EV: 11    Int: 20    God:    Vehumet [*.....]
Gold:   167        SH:  0    Dex:  8    Spells: 4 memorised, 3 levels left

rFire  . . .     SeeInvis .     k - +0 whip
rCold  . . .     Clarity  .     a - +0 robe
rNeg   + . .     SustAb   .     (no shield)
rPois  ∞         Gourm    .     b - +0 hat
rElec  +         Spirit   .     (no cloak)
rCorr  .         Warding  .     (no gloves)
rMut   .         Stasis   .     (no boots)
MR     +....                    (no amulet)
Stlth  +++.......               s - ring of stealth
                                t - ring of protection from magic

@: very slightly contaminated, somewhat resistant to hostile enchantments,
fairly stealthy
A: negative energy resistance 1, electricity resistance, unbreathing,
petrification resistance, rot immunity, AC +4
a: Renounce Religion


You were on level 3 of the Dungeon.
You worshipped Vehumet.
Vehumet was aware of your devotion.
You were hungry.

You visited 1 branch of the dungeon, and saw 3 of its levels.

You collected 167 gold pieces.

Inventory:

Hand weapons
 e - a +0 dagger
 k - a +0 whip (weapon)
Missiles
 p - 3 poisoned javelins (quivered)
Armour
 a - a +0 robe (worn)
 b - a +0 hat (worn)
Magical staves
 r - an uncursed staff of energy
Jewellery
 m - an uncursed ring of positive energy
 s - a ring of stealth (right hand)
 t - a ring of protection from magic (left hand)
Magical devices
 f - a wand of digging (11)
Scrolls
 l - a scroll of identify {unknown}
Potions
 g - a potion of heal wounds {unknown}
 j - a potion of haste {unknown}
 o - a potion of beneficial mutation {unknown}
Books
 c - a book of Minor Magic

   Spells                             Type                      Level
   a - Magic Dart                     Conjuration                  1
   b - Blink                          Translocation                2
   c - Call Imp                       Summoning                    2
   d - Repel Missiles                 Charms/Air                   2
   e - Slow                           Hexes                        2
   f - Conjure Flame                  Conjuration/Fire             3
   g - Mephitic Cloud                 Conjuration/Poison/Air       3
 q - a book of the Sky

   Spells                             Type                      Level
   a - Flight                         Charms/Air                   3
   b - Airstrike                      Air                          4
   c - Silence                        Hexes/Air                    5
   d - Deflect Missiles               Charms/Air                   6
   e - Conjure Ball Lightning         Conjuration/Air              6
   f - Tornado                        Air                          9
Comestibles
 d - 4 bread rations
 h - a slice of pizza
 i - a beef jerky
 n - 2 chunks of flesh


   Skills:
 + Level 1.6 Maces & Flails
 - Level 1.5 Dodging
 - Level 2.1 Stealth
 - Level 3.5 Spellcasting
 + Level 2.7 Conjurations
 - Level 0.8 Summonings
 - Level 0.8 Translocations
 + Level 1.3 Air Magic
 - Level 2.0 Poison Magic


You had 3 spell levels left.
You knew the following spells:

 Your Spells              Type           Power        Failure   Level  Hunger
a - Magic Dart            Conj           ##..         4%          1    None
b - Call Imp              Summ           #.......     17%         2    ##.....
c - Blink                 Tloc           N/A          17%         2    ##.....
d - Mephitic Cloud        Conj/Pois/Air  ##......     21%         3    ###....


Dungeon Overview and Level Annotations

Branches:
Dungeon (3/15)

Altars:
Ashenzari
Elyvilon
Fedhas
Kikubaaqudgha
Sif Muna
Trog
Vehumet
Xom
Zin


Innate Abilities, Weirdness & Mutations

You are resistant to torment.
You are immune to poison.
Your stone body is very resilient (AC +4).
You resist negative energy.
You are resistant to electric shocks.
You can survive without breathing.
You are immune to petrification.
You are immune to rotting.


Message History

The orc wizard barely misses you.
Your iron imp hits the orc wizard!
You hit the orc wizard but do no damage.
The orc wizard is heavily wounded.
The orc wizard misses you.
Your iron imp barely misses the orc wizard.
The orc wizard barely misses you.
You hit the orc wizard.
The orc wizard is severely wounded.
The orc wizard points at you and mumbles some strange words.
The magic dart hits you!
* * * LOW HITPOINT WARNING * * *
Your iron imp hits the orc wizard.
The orc wizard hits you with a dagger.
* * * LOW HITPOINT WARNING * * *
The orc wizard barely misses you.
Drink which item? (? for menu, Esc to quit)
Okay, then.
The orc wizard gestures at you while chanting.
The puff of flame hits you!
You die...

####### #.....# #.##.## #.##.#
##.##.# ##########
#...@.######......... ###
#####.......#[#..#####
###.#######.###.#.....)<#..####.
#...............5.o.............
####'#.#####.#####.##..#.#..####.
.......# #.# #.#.....#..####.
.......# #.#####.##.####..<...#
.......# #................#####
.......# #.######.#.###########


You could see an orc wizard and a friendly iron imp.

Vanquished Creatures
  An orc priest (D:3)
  2 adders (D:3)
  A giant mite (D:2)
  3 worms (D:2)
  3 giant geckos
  4 orcs
  A giant cockroach (D:1)
  8 hobgoblins
  3 jackals (D:2)
  A quokka (D:3)
  2 ball pythons
  7 bats
  5 giant newts
  8 goblins
  7 kobolds
  8 rats
64 creatures vanquished.

Vanquished Creatures (collateral kills)
  2 orcs (D:3)
  2 goblins (D:3)
4 creatures vanquished.

Grand Total: 68 creatures vanquished

Notes
Turn   | Place    | Note
--------------------------------------------------------------
     0 | D:1      | dithyrambik, the Gargoyle Wizard, began the quest for the Orb.
     0 | D:1      | Reached XP level 1. HP: 10/10 MP: 4/4
   268 | D:1      | Reached XP level 2. HP: 15/15 MP: 3/6
   272 | D:1      | Learned a level 2 spell: Call Imp
   275 | D:1      | Learned a level 2 spell: Blink
  1365 | D:2      | Reached XP level 3. HP: 19/19 MP: 5/8
  1395 | D:2      | Learned a level 3 spell: Mephitic Cloud
  1771 | D:2      | Found a radiant altar of Vehumet.
  1777 | D:2      | Became a worshipper of Vehumet
  1816 | D:2      | Found a bloodstained altar of Trog.
  2002 | D:2      | Reached skill level 1 in Maces & Flails
  2004 | D:2      | Reached skill level 1 in Poison Magic
  2207 | D:2      | Found an ancient bone altar of Kikubaaqudgha.
  2207 | D:2      | Found a blossoming altar of Fedhas.
  2221 | D:2      | Found a shattered altar of Ashenzari.
  2348 | D:2      | Noticed an angel
  2348 | D:2      | Found a glowing silver altar of Zin.
  2348 | D:2      | Found a shimmering altar of Xom.
  2430 | D:2      | Reached XP level 4. HP: 21/24 MP: 5/10
  2486 | D:2      | Found a white marble altar of Elyvilon.
  2520 | D:2      | Found a deep blue altar of Sif Muna.
  3181 | D:2      | Reached skill level 1 in Air Magic
  3626 | D:3      | Reached XP level 5. HP: 15/28 MP: 8/11
  4410 | D:3      | Acquired Vehumet's first power
  4410 | D:3      | Offered knowledge of Shock by Vehumet.
  4434 | D:3      | Killed from afar by an orc wizard

Action                   |  1- 3 |  4- 6 || total
-------------------------+-------+-------++-------
Melee: Dagger            |     5 |       ||     5
       Whip              |    32 |    29 ||    61
       Staff             |       |    10 ||    10
 Cast: Magic Dart        |    99 |    69 ||   168
       Blink             |     1 |     1 ||     2
       Call Imp          |       |     4 ||     4
       Mephitic Cloud    |       |     1 ||     1
  Use: Scroll            |     3 |       ||     3
  Eat: Chunk             |     5 |     5 ||    10
